 Dungeon Crawl Stone Soup version 0.28-a0-1613-gdaab1c2f9b (webtiles) character file.

Game seed: 14580712960953575333

16 Lekart the Skirmisher (level 2, -3/26 HPs)
             Began as a Draconian Chaos Knight on Jan 21, 2022.
             Was a Plaything of Xom.
             Killed from afar by a steam dragon (8 damage)
             ... with a ball of steam
             ... on level 2 of the Dungeon.
             The game lasted 00:02:12 (1179 turns).

Lekart the Skirmisher (Draconian Chaos Knight)      Turns: 1179, Time: 00:02:12

Health: -3/26      AC:  5    Str: 14    XL:     2   Next: 37%
Magic:  2/2        EV: 12    Int: 12    God:    Xom [.....*]
Gold:   41         SH:  0    Dex: 10    Spells: 1/1 levels left

rFire   . . .      SeeInvis .   a - +0 hand axe (chaos)
rCold   . . .      Faith    .   (no shield)
rNeg    . . .      Spirit   .   (armour unavailable)
rPois   .          Reflect  .   (helmet restricted)
rElec   .          Harm     .   b - +0 cloak
rCorr   .          Rampage  .   (no gloves)
Will    .....      Clarity  +   (no boots)
Stlth   +.........              (no amulet)
HPRegen 0.08/turn               (no ring)
MPRegen 0.08/turn               (no ring)

@: no status effects
A: AC +4, unfitting armour, cold-blooded, antennae 1, clarity
a: Renounce Religion


You were on level 2 of the Dungeon.
You worshipped Xom.
You were Xom's teddy bear.
You visited 1 branch of the dungeon, and saw 2 of its levels.

You collected 41 gold pieces.

Inventory:

Hand Weapons
 a - a +0 hand axe of chaos (weapon)
Armour
 b - a +0 cloak (worn)
Scrolls
 c - a scroll of magic mapping {unknown}


   Skills:
 + Level 3.6 Fighting
 + Level 3.4 Axes
 + Level 2.3 Dodging


You had one spell level left.
You didn't know any spells.
Your spell library was empty.

Dungeon Overview and Level Annotations

Branches:
Dungeon (2/15)

Altars:


Innate Abilities, Weirdness & Mutations

Your plain brown scales are hard. (AC +4)
You cannot fit into any form of body armour.
You are cold-blooded and may be slowed by cold attacks.
You have a pair of small antennae on your head.
You possess an exceptional clarity of mind.


Message History

You hit the kobold but do no damage.
Space warps around the kobold.
The kobold is moderately wounded.
The kobold hits you with a +0 whip.
There are monsters nearby!
You hit the kobold.
You kill the kobold!
A worm is nearby!
Found a book of Burglary.
A worm is nearby!
A worm is nearby!
You hit the worm.
The worm is moderately wounded.
The worm barely misses you.
You hit the worm.
The worm is poisoned.
The worm is moderately wounded.
You hear Xom's avuncular chuckle.
The worm evaporates and reforms as a steam dragon!
The steam dragon barely misses you. The steam dragon claws you.
You hit the steam dragon but do no damage.
Space warps around the steam dragon.
You punch the steam dragon, but do no damage.
The steam dragon is lightly wounded.
The steam dragon breathes steam at you. The ball of steam hits you!
Ouch! That really hurt!
* * * LOW HITPOINT WARNING * * *
A shower of butterflies erupts from you!
You are too injured to fight recklessly!
You are too injured to fight recklessly!
You aren't carrying any potions.
Your butterfly is engulfed in a cloud of scalding steam.
Your butterfly dies!
Your butterfly disappears in a puff of smoke!
Your butterfly is engulfed in a cloud of scalding steam.
Your butterfly dies!
Your butterfly disappears in a puff of smoke!
The steam dragon breathes steam at you. The ball of steam hits you!
You die...
Xom chuckles heartily!

####### #.......###
......####..........
#####...............
...##.............# .# .#
#..##.............###.###.#
.....†............#........
#...#.#.####.#............
..............>.#.##)...#
#...#.#.####....@§D.....#
#...#.#.# ###..#..§§§..#..
......#.# #....§§b......
..#.#.#.######....§§.......
#.#.#.#..............[.#.:.
# .####.##)##...##.# .. ..
...##.).# .# # #.#..##...#
. # #......... .


You could see a steam dragon (catching breath, ally target).

Vanquished Creatures
  A dart slug (D:2)
  An endoplasm (D:1)
  A giant cockroach (D:1)
  A goblin (D:2)
  2 hobgoblins (D:1)
  A quokka (D:1)
  2 bats (D:1)
  3 kobolds
  2 rats (D:1)
14 creatures vanquished.

Notes
Turn   | Place    | Note
-------+----------+-------------------------------------------
     0 | D:1      | Lekart the Draconian Chaos Knight began the quest for the
                  | Orb.
     0 | D:1      | Reached XP level 1. HP: 19/19 MP: 1/1
   332 | D:1      | XOM: 1-stop teleportation journey
   450 | D:1      | Reached XP level 2. HP: 3/26 MP: 2/2
  1063 | D:1      | XOM: give mutations
  1063 | D:1      | Gained mutation: You possess an exceptional clarity of
                  | mind. [Xom's grace]
  1063 | D:1      | Gained mutation: You have a pair of small antennae on your
                  | head. [Xom's grace]
  1175 | D:2      | Noticed a steam dragon
  1175 | D:2      | a worm changed into a steam dragon
  1175 | D:2      | XOM: polymorph worm -> steam dragon
  1176 | D:2      | XOM: butterfly on damage
  1179 | D:2      | Killed from afar by a steam dragon

Illustrated notes

Levels and vault maps discovered:
D:1:      amcnicky_arrival_feature_with_door, layout_basic
D:2:      layout_basic, serial_bayou_pond_b, minmay_quadrilaterals

Action                   || total
-------------------------++-------
Melee: Hand axe          ||    51
       Tailslap          ||     3
       Punch             ||     1
Armor: Skin              ||    21
Dodge: Dodged            ||    40

Table legend: (Time is in decaauts)
 A = Elapsed time spent in this place.
 B = Non-inter-level travel time spent in this place.
 C = Inter-level travel time spent in this place.
 D = Time resting spent in this place.
 E = Time spent auto-exploring this place.
 F = Levels seen in this place.
 G = Mean time per level.
                   A        B        C        D        E       F      G
               +--------+--------+--------+--------+--------+-----+--------+
         Total |   1185 |   1167 |     18 |    287 |    644 |   2 |  592.5 |
       Dungeon |   1185 |   1167 |     18 |    287 |    644 |   2 |  592.5 |
               +--------+--------+--------+--------+--------+-----+--------+

Top non-repeatable levels by time:
     D:1: 1135 daAuts
     D:2: 50 daAuts
